 Dungeon Crawl Stone Soup version 0.17-a0-1713-gdf939a4 (webtiles) character file.

91562 Antunes the Nimble (level 16, -1/118 HPs)
             Began as a Merfolk Skald on Aug 21, 2015.
             Was a High Priest of Okawaru.
             Succumbed to poison (poison gas)
             ... on level 2 of the Swamp on Aug 23, 2015.
             The game lasted 07:32:45 (29537 turns).

Antunes the Nimble (Merfolk Skald)                 Turns: 29537, Time: 07:32:45

Health: -1/118     AC: 19    Str: 12 (13) XL:     16   Next: 3%
Magic:  24/27      EV: 16    Int: 16      God:    Okawaru [*****.]
Gold:   1434       SH:  4    Dex: 15      Spells: 8 memorised, 10 levels left

rFire  . . .     SeeInvis +     e - +8 demon blade "Bloodbane" {slice, *Rage +Rage Stlth-}
rCold  . . .     Rnd*Rage +     H - quicksilver dragon armour
rNeg   . . .     SustAt   .     d - +0 buckler
rPois  .         Gourm    +     p - +2 hat {MR+}
rElec  .         Spirit   .     W - +0 cloak
rCorr  .         Warding  .     O - +2 pair of gloves
rMut   .         Stasis   .     o - +2 pair of boots
MR     ++++.                    R - amulet of the gourmand
Stlth  +++.......               x - ring of see invisible
                                G - ring of protection from magic

@: lethally poisoned (-1 -> -13), exhausted, infused, very slightly
contaminated, hasted and slowed, incredibly resistant to hostile enchantments,
fairly stealthy
A: change form in water, swift swim
a: Heroism, Finesse, Renounce Religion, Evoke Berserk Rage


You were on level 2 of the Swamp.
You worshipped Okawaru.
Okawaru was extremely pleased with you.
You were not hungry.

You visited 6 branches of the dungeon, and saw 31 of its levels.
You also visited: Bailey.

You collected 2774 gold pieces.
You spent 1340 gold pieces at shops.

Dungeon Overview and Level Annotations

Branches:
Dungeon (12/15)            Temple (1/1) D:5            Lair (8/8) D:11
  Swamp (3/4) Lair:4       Spider (3/4) Lair:3        Slime (0/6) Lair:8
    Orc (4/4) D:9             Elf (0/3) Orc:4

Altars:
Ashenzari
Cheibriados
Dithmenos
Elyvilon
Fedhas
Gozag
Kikubaaqudgha
Makhleb
Nemelex Xobeh
Okawaru
Qazlal
Ru
Sif Muna
Trog
Vehumet
Xom
Yredelemnul
Zin
The Shining One
Beogh

Shops:
D:5 :   D:7 (   D:8 *(   D:9 }   D:10 =(   Orc:1 [   Orc:3 **}!   Orc:4 =!(:%

Annotations:
D:6 exclusion: downstairs
D:8 exclusion: upstairs
Lair:4 exclusion: downstairs
Lair:5 Snorg
Lair:8 exclusion: upstairs
Swamp:2 exclusion: downstairs
Spider:1 Louise
Orc:2 exclusion: upstairs


   Skills:
 * Level 8.6 Fighting
 + Level 7.4(9.5) Short Blades
 + Level 8.4(9.5) Long Blades
 * Level 5.1(5.5) Axes
 + Level 5.3(7.9) Polearms
 * Level 5.9 Throwing
 - Level 3.3 Armour
 + Level 11.0 Dodging
 * Level 9.9 Stealth
 * Level 2.2 Shields
 * Level 7.5 Spellcasting
 * Level 2.7 Conjurations
 * Level 7.2 Hexes
 * Level 8.8 Charms
 + Level 5.2 Necromancy
 + Level 5.3 Translocations
 * Level 2.8 Ice Magic
 * Level 7.9 Invocations
 * Level 7.4 Evocations


You had 10 spell levels left.
You knew the following spells:

 Your Spells              Type           Power        Failure   Level  Hunger
a - Infusion              Chrm           ####..       1%          1    None
b - Spectral Weapon       Hex/Chrm       ####....     4%          3    ##.....
c - Song of Slaying       Chrm           ####....     1%          2    None
d - Dazzling Spray        Conj/Hex       ###.....     14%         3    ##.....
e - Iskenderun's Mystic   Conj           ##......     90%         4    ####...
f - Ensorcelled Hibernat  Hex/Ice        ###...       10%         2    None
r - Regeneration          Chrm/Necr      ####......   8%          3    ##.....
s - Shroud of Golubria    Chrm/Tloc      ####......   3%          2    None

Inventory:

Hand weapons
 e - the +8 demon blade "Bloodbane" (weapon) {slice, *Rage +Rage Stlth-}
   (You bought it in a shop on level 3 of the Orcish Mines)

   It inflicts extra damage upon your enemies.
   It lets you go berserk.
   It may make you go berserk in combat.
   It makes you less stealthy.
 i - a +9 scimitar of flaming
   (You took it off Erica on level 8 of the Dungeon)
 q - a +2 halberd of flaming
   (You took it off Blork the orc on level 3 of the Dungeon)
 u - the +3 longbow "Kaux" {velocity, -Tele Int+5 Stlth+}
   (Okawaru gifted it to you on level 1 of the Orcish Mines)

   Any arrow fired from it inflicts extra damage.
   It affects your intelligence (+5).
   It prevents most forms of teleportation.
   It makes you more stealthy.
 w - a +0 war axe of chopping
   (You took it off an orc warrior on level 3 of the Orcish Mines)
 C - a +2 battleaxe of chopping
   (You found it on level 2 of the Swamp)
 U - the +4 dagger "Morg" {pain, MR+ Int+5}
   (You found it on level 8 of the Lair of Beasts)

   In the hands of one skilled in necromantic magic, it inflicts extra damage on
   living creatures.
   It affects your intelligence (+5).
   It affects your resistance to hostile enchantments.
Missiles
 y - 5 throwing nets
 F - 18 javelins (quivered)
Armour
 d - a +0 buckler (worn)
   (You found it on level 4 of the Lair of Beasts)
 o - a +2 pair of boots (worn)
   (You found it on level 5 of the Dungeon)
 p - a +2 hat of magic resistance (worn)
   (Okawaru gifted it to you on level 1 of the Spider Nest)
 H - a quicksilver dragon armour (worn)
   (You found it on level 5 of the Dungeon)
 O - a +2 pair of gloves (worn)
   (You found it on level 10 of the Dungeon)
 W - a +0 cloak (worn)
   (You took it off Crazy Yiuf on level 4 of the Dungeon)
Magical staves
 j - an uncursed staff of energy {!a}
   (You found it on level 2 of the Lair of Beasts)
Jewellery
 c - an uncursed ring of protection from cold
   (You found it on level 2 of the Lair of Beasts)
 s - an uncursed amulet of clarity
   (You found it on level 2 of the Lair of Beasts)
 x - a ring of see invisible (right hand)
   (You bought it in a shop on level 4 of the Orcish Mines)
 G - a ring of protection from magic (left hand)
   (You found it on level 7 of the Dungeon)
 R - an amulet of the gourmand (around neck)
   (You found it on level 1 of the Lair of Beasts)
 Y - an uncursed amulet of rage
   (You found it on level 9 of the Dungeon)
Magical devices
 a - a wand of draining (11)
   (You found it on level 1 of the Swamp)
 f - a wand of cold (5)
   (You found it on level 1 of the Swamp)
 z - a wand of digging (19)
   (You found it on level 4 of the Dungeon)
 I - a wand of teleportation (5)
   (You found it on level 1 of the Spider Nest)
 J - a wand of cold (6)
   (You found it on level 1 of the Spider Nest)
 K - a wand of paralysis (10)
   (You found it on level 2 of the Swamp)
 N - a wand of fire (9)
   (You found it on level 7 of the Dungeon)
 T - a wand of hasting (5)
   (You found it on level 8 of the Dungeon)
Scrolls
 b - 3 scrolls of magic mapping
 h - 6 scrolls of remove curse
 k - 2 scrolls of fear
 l - 2 scrolls of fog
 n - 2 scrolls of recharging
 L - 7 scrolls of enchant armour
 P - a scroll of teleportation
 V - a scroll of vulnerability {unknown}
 Z - 2 scrolls of identify
Potions
 A - a potion of cure mutation {!q}
 B - 2 potions of agility
 E - a potion of berserk rage
 Q - 3 potions of might
Miscellaneous
 g - a phial of floods
   (You found it on level 8 of the Lair of Beasts)
Comestibles
 t - 10 meat rations
 D - a bread ration


Message History

Drink which item? (? for menu, Esc to quit)
Okay, then.
* * * LOW HITPOINT WARNING * * *
You feel sick.
Your legs become a tail as you enter the water.
Your +2 pair of boots melds into your body.
* * * LOW HITPOINT WARNING * * *
You feel sick.
Your +2 pair of boots unmelds from your body.
* * * LOW HITPOINT WARNING * * *
You feel sick.
Your spectral weapon fades away.
* * * LOW HITPOINT WARNING * * *
You feel sick.
* * * LOW HITPOINT WARNING * * *
You feel sick.
Drink which item? (? for menu, Esc to quit)
Okay, then.
Wield which item (- for none, * to show all)? (? for menu, Esc to quit)
Your +9 scimitar of flaming stops flaming.
e - the +8 demon blade "Bloodbane" (weapon)
{slice, *Rage +Rage Stlth-}
* * * LOW HITPOINT WARNING * * *
You feel sick.
Search for what [? for help]? potion Char dumped successfully.
Drink which item? (? for menu, Esc to quit)
A red film seems to cover your vision as you go berserk!
You feel yourself moving faster!
You feel mighty!
* * * LOW HITPOINT WARNING * * *
You feel sick.
You feel a strong urge to attack something.
* * * LOW HITPOINT WARNING * * *
You feel sick.
* * * LOW HITPOINT WARNING * * *
You feel sick.
Your legs become a tail as you enter the water.
Your +2 pair of boots melds into your body.
You feel your anger subside.
You are no longer berserk.
You are exhausted.
You feel yourself slow down.
* * * LOW HITPOINT WARNING * * *
You feel sick.
A shadow comes into view.
Your +2 pair of boots unmelds from your body.
* * * LOW HITPOINT WARNING * * *
You feel sick.
* * * LOW HITPOINT WARNING * * *
You feel sick.
You die...

♣♣...♣...♣♣...♣#...♣.≈≈....♣
♣♣...♣#.....≈≈.♣≈≈≈♣≈♣♣♣≈.≈♣
...♣♣♣≈.≈..≈≈≈.≈≈≈.♣♣♣ ♣≈..♣
#≈♣♣ ♣≈♣♣♣..≈≈.≈...♣ ♣♣.≈♣
.♣♣ ♣♣ ♣≈.......)≈♣ ♣≈♣♣ ..♣
♣≈≈≈≈≈≈≈≈..♣ ♣♣♣ ..♣
♣♣♣♣♣≈≈≈≈≈≈≈..≈♣
.≈♣♣♣≈≈♣♣.≈≈≈≈≈≈..♣♣
...♣♣#..♣..≈≈≈≈.m♣♣
.≈≈≈≈.≈≈≈≈.≈≈≈≈.♣♣♣♣♣♣♣♣♣♣
.≈≈≈.≈≈≈≈.≈≈≈≈≈.....≈≈≈≈≈≈
.......≈≈.≈.....≈≈≈≈≈≈..♣♣♣
...≈≈...≈♣♣≈..≈...≈≈≈....≈♣♣
.♣♣♣♣...♣≈..♣♣≈..≈≈..≈.≈≈≈.♣
♣♣♣.≈≈≈≈.♣≈♣♣♣≈≈≈≈...≈.≈≈≈.♣
.≈♣.≈≈≈≈.♣♣♣ ♣♣♣≈......≈≈≈≈♣
..♣.≈≈≈.♣♣ ♣♣≈≈≈....≈≈.♣


There were no monsters in sight!

Action                   |  1- 3 |  4- 6 |  7- 9 | 10-12 | 13-15 | 16-18 || total
-------------------------+-------+-------+-------+-------+-------+-------++-------
Melee: Falchion          |    86 |    86 |   222 |   220 |       |       ||   614
       Long sword        |       |       |   134 |       |       |       ||   134
       Halberd           |       |       |     5 |       |       |       ||     5
       Scimitar          |       |       |       |   637 |  1361 |    16 ||  2014
       War axe           |       |       |       |    60 |   139 |       ||   199
       Demon blade       |       |       |       |    27 |     4 |       ||    31
       Short sword       |       |       |       |       |     2 |       ||     2
Throw: Tomahawk          |     4 |     2 |       |    43 |       |       ||    49
       Javelin           |       |       |       |    50 |    80 |       ||   130
 Cast: Infusion          |     3 |     5 |     4 |     3 |     7 |     1 ||    23
       Regeneration      |       |       |     6 |    53 |    91 |     5 ||   155
       Shroud of Golubri |       |       |     5 |    28 |    88 |     1 ||   122
       Spectral Weapon   |       |       |     1 |    12 |    70 |     1 ||    84
       Song of Slaying   |       |       |       |     5 |     1 |       ||     6
Invok: Heroism           |       |       |     1 |    35 |    18 |       ||    54
       Finesse           |       |       |       |     1 |       |       ||     1
Evoke: Wand              |       |       |       |     1 |     6 |       ||     7
  Use: Scroll            |       |     9 |     9 |     7 |    21 |       ||    46
       Potion            |       |       |     2 |    11 |     8 |     5 ||    26
 Stab: Distracted        |     1 |       |     1 |     2 |     8 |       ||    12
       Sleeping          |       |     4 |     2 |    20 |    23 |       ||    49
  Eat: Chunk             |     2 |     4 |    16 |    39 |    47 |    10 ||   118
       Pizza             |     1 |       |     1 |       |       |       ||     2
       Beef jerky        |       |     1 |       |     1 |     1 |       ||     3
       Fruit             |       |     1 |     3 |       |       |       ||     4
       Bread ration      |       |       |       |       |     2 |       ||     2

Vanquished Creatures
  Monster Symbol All '('
  13 spectral weapons (D:10 D:11 Lair:3 Lair:4 Swamp:1)
13 creatures vanquished. All '5' 7 crimson imps (D:9 D:6 D:7 D:8 D:11) 2 white imps (D:11) 4 shadow imps (D:6 D:9 D:10)
13 creatures vanquished. All ';' 12 electric eels (D:11 Lair:4 Lair:8)
12 creatures vanquished. All '@' Harold (Orc:2) Erica (D:8) Joseph (D:7) Sigmund (D:3) Jessica (D:6)
5 creatures vanquished. All 'C' 2 hill giants (Orc:4) 3 cyclopes (Orc:4 D:11)
5 creatures vanquished. All 'D' 6 hydras (Swamp:2 Lair:8 Lair:4 Swamp:1) 2 swamp dragons (Swamp:1 Swamp:2) A mottled dragon (D:11)
9 creatures vanquished. All 'E' A water elemental (D:11)
1 creature vanquished. All 'F' 21 spiny frogs (Lair:2 Lair:1 Lair:3 Swamp:1 Swamp:2) 13 blink frogs (Lair:8 Lair:7) 28 giant frogs (D:5 D:9 D:10 D:11 Lair:1)
62 creatures vanquished. All 'G' A giant orange brain (D:10)
1 creature vanquished. All 'H' 7 hippogriffs (Lair:1 Lair:3 Lair:4 Lair:6 Lair:8)
7 creatures vanquished. All 'J' 6 slime creatures (Swamp:1) 2 jellies (D:8 D:10) An ooze (D:1)
9 creatures vanquished. All 'K' Pikel (D:7) A big kobold (D:9) 13 kobolds (D:1 D:2 D:3 D:5 D:9)
15 creatures vanquished. All 'O' 2 ogre magi (Orc:4) 7 two-headed ogres (Orc:4) 21 ogres (D:7 D:6 D:8 Orc:1 Orc:4)
30 creatures vanquished. All 'P' 21 fungi (Lair:2 Lair:4 Lair:8 Lair:7) 6 plants (Lair:8)
27 creatures vanquished. All 'S' A black mamba (Lair:6) 20 water moccasins (D:11 Lair:2 Lair:1 Lair:3 Lair:4) 12 adders (D:3 D:6 D:7 D:5 D:2) 2 ball pythons (D:1 D:4)
35 creatures vanquished. All 'T' 2 deep trolls (Orc:4) 12 trolls (Orc:3 Orc:4 D:10 D:11)
14 creatures vanquished. All 'W' A hungry ghost (D:10) 2 phantoms (D:4 D:8)
3 creatures vanquished. All 'Y' 57 yaks (D:11 D:10 Lair:1 Lair:2 Lair:3) 3 sky beasts (D:6 D:10 D:11) 2 ice beasts (D:11) 15 sheep (Lair:2 Lair:1 Lair:6)
77 creatures vanquished. All 'Z' A giant frog zombie (D:3) A centaur zombie (D:10) A giant frog skeleton (D:10) 2 giant frog simulacra (D:11) 2 hound skeletons (D:8) A worker ant zombie (D:8) 2 killer bee simulacra (D:11) 2 worker ant simulacra (D:11) An adder skeleton (D:9) A giant gecko zombie (D:5)
14 creatures vanquished. All 'a' 10 worker ants (D:4 D:7 D:8 D:9 D:10)
10 creatures vanquished. All 'b' 6 bats (D:1 D:2 D:3)
6 creatures vanquished. All 'c' 9 centaurs (D:6 D:5 D:10 D:11)
9 creatures vanquished. All 'e' Fannar (Orc:2) A deep elf mage (D:11)
2 creatures vanquished. All 'g' Grum (Lair:1) A gnoll sergeant (D:10) Crazy Yiuf (D:4) Ijyb (D:3) A gnoll shaman (D:10) 24 gnolls (D:1 D:4 D:3 D:10) 12 goblins (D:1 D:2 D:3 Orc:2) 14 hobgoblins (D:1 D:2 D:3 D:5)
55 creatures vanquished. All 'h' 2 polar bears (D:11 Lair:7) 2 wargs (Orc:1 Orc:3) 11 wolves (D:10 D:11 Lair:1 Lair:6) 13 hounds (D:4 D:5 D:8 D:9 D:10) Natasha (D:3) 16 jackals (D:4 D:5 D:9 D:10 D:11)
45 creatures vanquished. All 'i' 2 spriggans (Swamp:2)
2 creatures vanquished. All 'k' 2 fire drakes (Lair:2) 2 swamp drakes (Swamp:1)
4 creatures vanquished. All 'l' 2 komodo dragons (D:11 Lair:5) 2 wyverns (D:9 Lair:5) 2 basilisks (Lair:3 Lair:8) 12 iguanas (D:8 D:7 D:10 D:9 D:11) 8 giant geckos (D:2 D:3 D:6 D:9 D:10) 6 giant newts (D:1 D:2 D:3 D:4)
32 creatures vanquished. All 'n' 4 bog bodies (Swamp:1 Swamp:2)
4 creatures vanquished. All 'o' 3 orc knights (Orc:1 Bailey) An orc sorcerer (Orc:1) 23 orc warriors (D:8 D:9 Bailey Orc:1 Orc:3) Blork the orc (D:3) 20 orc priests (D:5 D:6 D:7 D:9 Orc:1) 20 orc wizards (D:5 D:6 D:7 D:9 Orc:1) 139 orcs (D:3 D:4 D:6 D:5 D:8)
207 creatures vanquished. All 'p' 2 slaves (D:6)
2 creatures vanquished. All 'r' 11 porcupines (Lair:1 Lair:3 Lair:4 Lair:5 Lair:6) 30 river rats (Lair:2 Lair:4 Lair:5) 9 rats (D:1 D:2 D:3)
50 creatures vanquished. All 's' An orb spider (Spider:2) 2 wolf spiders (Spider:1) A demonic crawler (Spider:2) 3 jumping spiders (Lair:3 Spider:1) A trapdoor spider (Spider:1) 8 redbacks (Spider:2 Spider:1) A tarantella (Spider:2) 18 spiders (Lair:3 Spider:2 Spider:1) 2 scorpions (Spider:2) 3 giant cockroaches (D:1 D:3 D:6)
40 creatures vanquished. All 't' A ghost crab (Swamp:1) 4 alligators (Swamp:1 Swamp:2 Swamp:3) 12 crocodiles (Lair:1 Lair:3 Lair:5 Lair:8 Lair:2)
17 creatures vanquished. All 'u' 3 ugly things (D:10 D:11)
3 creatures vanquished. All 'v' 4 insubstantial wisps (Swamp:1)
4 creatures vanquished. All 'w' A torpor snail (Lair:8) 4 giant leeches (Lair:8 Swamp:1 Swamp:2) 13 swamp worms (Lair:4 Swamp:1 Swamp:2 Swamp:3) 4 brain worms (D:10) 5 worms (D:6 D:2 D:1)
27 creatures vanquished. All 'y' A ghost moth (Spider:2) 2 hornets (Swamp:3 Swamp:2) 16 vampire mosquitoes (Lair:8 Swamp:1 Swamp:2) 4 wasps (D:11 Swamp:2 Swamp:1) 12 killer bees (D:9 D:7 D:8)
35 creatures vanquished. All 'z' 7 wights (D:6 D:5 D:8 D:7)
7 creatures vanquished.
913 creatures vanquished. Monster Nature Uniques Fannar (Orc:2) Harold (Orc:2) Erica (D:8) Pikel (D:7) Joseph (D:7) Sigmund (D:3) Grum (Lair:1) Blork the orc (D:3) Crazy Yiuf (D:4) Ijyb (D:3) Jessica (D:6) Natasha (D:3)
12 creatures vanquished. Natural Monsters A ghost moth (Spider:2) 6 hydras (Swamp:2 Lair:8 Lair:4 Swamp:1) A ghost crab (Swamp:1) 2 ogre magi (Orc:4) 4 alligators (Swamp:1 Swamp:2 Swamp:3) 2 spriggans (Swamp:2) 2 swamp dragons (Swamp:1 Swamp:2) 2 deep trolls (Orc:4) A giant orange brain (D:10) 3 orc knights (Orc:1 Bailey) An orb spider (Spider:2) An orc sorcerer (Orc:1) 3 ugly things (D:10 D:11) 2 hill giants (Orc:4) 2 wolf spiders (Spider:1) 3 cyclopes (Orc:4 D:11) 2 hornets (Swamp:3 Swamp:2) A torpor snail (Lair:8) A black mamba (Lair:6) 21 spiny frogs (Lair:2 Lair:1 Lair:3 Swamp:1 Swamp:2) 2 komodo dragons (D:11 Lair:5) 2 fire drakes (Lair:2) 4 giant leeches (Lair:8 Swamp:1 Swamp:2) 7 two-headed ogres (Orc:4) 2 polar bears (D:11 Lair:7) 13 blink frogs (Lair:8 Lair:7) 3 jumping spiders (Lair:3 Spider:1) 12 trolls (Orc:3 Orc:4 D:10 D:11) 6 slime creatures (Swamp:1) A trapdoor spider (Spider:1) 8 redbacks (Spider:2 Spider:1) 2 wyverns (D:9 Lair:5) A tarantella (Spider:2) 57 yaks (D:11 D:10 Lair:1 Lair:2 Lair:3) 2 wargs (Orc:1 Orc:3) A deep elf mage (D:11) 7 hippogriffs (Lair:1 Lair:3 Lair:4 Lair:6 Lair:8) 2 basilisks (Lair:3 Lair:8) A mottled dragon (D:11) 11 wolves (D:10 D:11 Lair:1 Lair:6) 13 swamp worms (Lair:4 Swamp:1 Swamp:2 Swamp:3) 3 sky beasts (D:6 D:10 D:11) 2 swamp drakes (Swamp:1) 11 porcupines (Lair:1 Lair:3 Lair:4 Lair:5 Lair:6) 20 water moccasins (D:11 Lair:2 Lair:1 Lair:3 Lair:4) 18 spiders (Lair:3 Spider:2 Spider:1) 4 wasps (D:11 Swamp:2 Swamp:1) 2 ice beasts (D:11) 21 ogres (D:7 D:6 D:8 Orc:1 Orc:4) 2 slaves (D:6) 23 orc warriors (D:8 D:9 Bailey Orc:1 Orc:3) 9 centaurs (D:6 D:5 D:10 D:11) 12 crocodiles (Lair:1 Lair:3 Lair:5 Lair:8 Lair:2) 4 brain worms (D:10) A big kobold (D:9) 28 giant frogs (D:5 D:9 D:10 D:11 Lair:1) A gnoll sergeant (D:10) 2 scorpions (Spider:2) 12 killer bees (D:9 D:7 D:8) 12 electric eels (D:11 Lair:4 Lair:8) 2 jellies (D:8 D:10) 20 orc priests (D:5 D:6 D:7 D:9 Orc:1) 12 iguanas (D:8 D:7 D:10 D:9 D:11) 13 hounds (D:4 D:5 D:8 D:9 D:10) 10 worker ants (D:4 D:7 D:8 D:9 D:10) A gnoll shaman (D:10) 20 orc wizards (D:5 D:6 D:7 D:9 Orc:1) 15 sheep (Lair:2 Lair:1 Lair:6) 24 gnolls (D:1 D:4 D:3 D:10) 30 river rats (Lair:2 Lair:4 Lair:5) 12 adders (D:3 D:6 D:7 D:5 D:2) An ooze (D:1) 5 worms (D:6 D:2 D:1) 8 giant geckos (D:2 D:3 D:6 D:9 D:10) 139 orcs (D:3 D:4 D:6 D:5 D:8) 2 ball pythons (D:1 D:4) 3 giant cockroaches (D:1 D:3 D:6) 12 goblins (D:1 D:2 D:3 Orc:2) 14 hobgoblins (D:1 D:2 D:3 D:5) 16 jackals (D:4 D:5 D:9 D:10 D:11) 6 bats (D:1 D:2 D:3) 6 giant newts (D:1 D:2 D:3 D:4) 13 kobolds (D:1 D:2 D:3 D:5 D:9) 9 rats (D:1 D:2 D:3)
798 creatures vanquished. Non-Living Monsters A water elemental (D:11) 4 insubstantial wisps (Swamp:1) 13 spectral weapons (D:10 D:11 Lair:3 Lair:4 Swamp:1)
18 creatures vanquished. Undead Monsters 4 bog bodies (Swamp:1 Swamp:2) A hungry ghost (D:10) 16 vampire mosquitoes (Lair:8 Swamp:1 Swamp:2) 2 phantoms (D:4 D:8) A giant frog zombie (D:3) 7 wights (D:6 D:5 D:8 D:7) A centaur zombie (D:10) A giant frog skeleton (D:10) 2 giant frog simulacra (D:11) 2 hound skeletons (D:8) A worker ant zombie (D:8) 2 killer bee simulacra (D:11) 2 worker ant simulacra (D:11) An adder skeleton (D:9) A giant gecko zombie (D:5)
44 creatures vanquished. Demonic Monsters A demonic crawler (Spider:2) 7 crimson imps (D:9 D:6 D:7 D:8 D:11) 2 white imps (D:11) 4 shadow imps (D:6 D:9 D:10)
14 creatures vanquished. Plants 21 fungi (Lair:2 Lair:4 Lair:8 Lair:7) 6 plants (Lair:8)
27 creatures vanquished.
913 creatures vanquished. Ascending Order A ghost moth (Spider:2) Fannar (Orc:2) Harold (Orc:2) A ghost crab (Swamp:1) Erica (D:8) Pikel (D:7) A giant orange brain (D:10) An orb spider (Spider:2) An orc sorcerer (Orc:1) Joseph (D:7) A torpor snail (Lair:8) A black mamba (Lair:6) A demonic crawler (Spider:2) A trapdoor spider (Spider:1) A water elemental (D:11) Sigmund (D:3) A tarantella (Spider:2) Grum (Lair:1) A deep elf mage (D:11) A hungry ghost (D:10) A mottled dragon (D:11) A big kobold (D:9) Blork the orc (D:3) A gnoll sergeant (D:10) A giant frog zombie (D:3) A centaur zombie (D:10) A giant frog skeleton (D:10) Crazy Yiuf (D:4) Ijyb (D:3) Jessica (D:6) A gnoll shaman (D:10) Natasha (D:3) A worker ant zombie (D:8) An ooze (D:1) An adder skeleton (D:9) A giant gecko zombie (D:5) 2 ogre magi (Orc:4) 2 spriggans (Swamp:2) 2 swamp dragons (Swamp:1 Swamp:2) 2 deep trolls (Orc:4) 2 hill giants (Orc:4) 2 wolf spiders (Spider:1) 2 hornets (Swamp:3 Swamp:2) 2 komodo dragons (D:11 Lair:5) 2 fire drakes (Lair:2) 2 polar bears (D:11 Lair:7) 2 wyverns (D:9 Lair:5) 2 wargs (Orc:1 Orc:3) 2 basilisks (Lair:3 Lair:8) 2 swamp drakes (Swamp:1) 2 phantoms (D:4 D:8) 2 ice beasts (D:11) 2 slaves (D:6) 2 scorpions (Spider:2) 2 jellies (D:8 D:10) 2 giant frog simulacra (D:11) 2 hound skeletons (D:8) 2 killer bee simulacra (D:11) 2 white imps (D:11) 2 worker ant simulacra (D:11) 2 ball pythons (D:1 D:4) 3 orc knights (Orc:1 Bailey) 3 ugly things (D:10 D:11) 3 cyclopes (Orc:4 D:11) 3 jumping spiders (Lair:3 Spider:1) 3 sky beasts (D:6 D:10 D:11) 3 giant cockroaches (D:1 D:3 D:6) 4 alligators (Swamp:1 Swamp:2 Swamp:3) 4 giant leeches (Lair:8 Swamp:1 Swamp:2) 4 bog bodies (Swamp:1 Swamp:2) 4 insubstantial wisps (Swamp:1) 4 wasps (D:11 Swamp:2 Swamp:1) 4 brain worms (D:10) 4 shadow imps (D:6 D:9 D:10) 5 worms (D:6 D:2 D:1) 6 hydras (Swamp:2 Lair:8 Lair:4 Swamp:1) 6 slime creatures (Swamp:1) 6 bats (D:1 D:2 D:3) 6 giant newts (D:1 D:2 D:3 D:4) 6 plants (Lair:8) 7 two-headed ogres (Orc:4) 7 hippogriffs (Lair:1 Lair:3 Lair:4 Lair:6 Lair:8) 7 crimson imps (D:9 D:6 D:7 D:8 D:11) 7 wights (D:6 D:5 D:8 D:7) 8 redbacks (Spider:2 Spider:1) 8 giant geckos (D:2 D:3 D:6 D:9 D:10) 9 centaurs (D:6 D:5 D:10 D:11) 9 rats (D:1 D:2 D:3) 10 worker ants (D:4 D:7 D:8 D:9 D:10) 11 wolves (D:10 D:11 Lair:1 Lair:6) 11 porcupines (Lair:1 Lair:3 Lair:4 Lair:5 Lair:6) 12 trolls (Orc:3 Orc:4 D:10 D:11) 12 crocodiles (Lair:1 Lair:3 Lair:5 Lair:8 Lair:2) 12 killer bees (D:9 D:7 D:8) 12 electric eels (D:11 Lair:4 Lair:8) 12 iguanas (D:8 D:7 D:10 D:9 D:11) 12 adders (D:3 D:6 D:7 D:5 D:2) 12 goblins (D:1 D:2 D:3 Orc:2) 13 blink frogs (Lair:8 Lair:7) 13 swamp worms (Lair:4 Swamp:1 Swamp:2 Swamp:3) 13 hounds (D:4 D:5 D:8 D:9 D:10) 13 kobolds (D:1 D:2 D:3 D:5 D:9) 13 spectral weapons (D:10 D:11 Lair:3 Lair:4 Swamp:1) 14 hobgoblins (D:1 D:2 D:3 D:5) 15 sheep (Lair:2 Lair:1 Lair:6) 16 vampire mosquitoes (Lair:8 Swamp:1 Swamp:2) 16 jackals (D:4 D:5 D:9 D:10 D:11) 18 spiders (Lair:3 Spider:2 Spider:1) 20 water moccasins (D:11 Lair:2 Lair:1 Lair:3 Lair:4) 20 orc priests (D:5 D:6 D:7 D:9 Orc:1) 20 orc wizards (D:5 D:6 D:7 D:9 Orc:1) 21 spiny frogs (Lair:2 Lair:1 Lair:3 Swamp:1 Swamp:2) 21 ogres (D:7 D:6 D:8 Orc:1 Orc:4) 21 fungi (Lair:2 Lair:4 Lair:8 Lair:7) 23 orc warriors (D:8 D:9 Bailey Orc:1 Orc:3) 24 gnolls (D:1 D:4 D:3 D:10) 28 giant frogs (D:5 D:9 D:10 D:11 Lair:1) 30 river rats (Lair:2 Lair:4 Lair:5) 57 yaks (D:11 D:10 Lair:1 Lair:2 Lair:3) 139 orcs (D:3 D:4 D:6 D:5 D:8)
913 creatures vanquished. The 3-digit Club 139 orcs (D:3 D:4 D:6 D:5 D:8)
139 creatures vanquished.

Notes
Turn   | Place    | Note
--------------------------------------------------------------
     0 | D:1      | Antunes the Merfolk Skald began the quest for the Orb.
     0 | D:1      | Reached XP level 1. HP: 16/16 MP: 3/3
    96 | D:1      | HP: 2/17 [hobgoblin/club (4)]
   450 | D:1      | Reached XP level 2. HP: 23/23 MP: 5/5
   599 | D:1      | Reached skill level 2 in Dodging
   640 | D:1      | Reached XP level 3. HP: 17/28 MP: 0/6
  1267 | D:2      | Noticed Crazy Yiuf
  1431 | D:1      | Reached skill level 1 in Stealth
  1695 | D:3      | Noticed Jessica
  1733 | D:3      | Learned a level 3 spell: Spectral Weapon
  1736 | D:3      | Learned a level 2 spell: Shroud of Golubria
  1876 | D:4      | Noticed a phantom
  1922 | D:3      | Reached XP level 4. HP: 26/34 MP: 4/7
  2631 | D:3      | Noticed Ijyb
  2651 | D:3      | Killed Ijyb
  2651 | D:3      | Reached skill level 3 in Dodging
  2655 | D:3      | Noticed Blork the orc
  2806 | D:4      | Reached XP level 5. HP: 40/40 MP: 5/8
  2973 | D:4      | Reached skill level 2 in Stealth
  2973 | D:4      | Reached skill level 1 in Hexes
  3054 | D:5      | Entered Level 5 of the Dungeon
  3056 | D:5      | Noticed a centaur
  3317 | D:5      | Noticed a centaur
  3386 | D:5      | Found a staircase to the Ecumenical Temple.
  3409 | Temple   | Entered the Ecumenical Temple
  3475 | Temple   | Became a worshipper of Warmaster Okawaru
  3561 | D:5      | Found a sacrificial altar of Ru.
  3652 | D:5      | Found Sopsopp's Book Emporium.
  3668 | D:5      | Reached skill level 3 in Long Blades
  3668 | D:5      | Reached XP level 6. HP: 12/46 MP: 9/9
  3981 | D:6      | Reached skill level 4 in Charms
  4005 | D:6      | Reached skill level 3 in Stealth
  4005 | D:6      | Reached skill level 1 in Evocations
  4163 | D:7      | Reached skill level 4 in Dodging
  4167 | D:7      | Reached skill level 3 in Fighting
  4167 | D:7      | Reached skill level 1 in Armour
  4167 | D:7      | Reached skill level 1 in Translocations
  4167 | D:7      | Reached XP level 7. HP: 26/52 MP: 10/10
  4214 | D:7      | Found Vekka's Weapon Shop.
  4256 | D:7      | Acquired Okawaru's first power
  4475 | D:6      | Reached skill level 1 in Short Blades
  4508 | D:6      | Killed Jessica
  4543 | D:6      | Reached skill level 2 in Hexes
  4567 | D:5      | Reached skill level 3 in Spellcasting
  4577 | D:5      | Killed a centaur
  4579 | D:5      | Reached XP level 8. HP: 56/58 MP: 12/12
  4592 | D:5      | Reached skill level 1 in Invocations
  4648 | D:5      | Killed a centaur
  4648 | D:5      | Reached skill level 4 in Long Blades
  4658 | D:5      | Noticed a centaur
  4731 | D:5      | Killed a centaur
  4773 | D:5      | Learned a level 3 spell: Regeneration
  4919 | D:4      | Killed a phantom
  4919 | D:4      | Reached skill level 4 in Stealth
  4936 | D:4      | Found a sparkling altar of Nemelex Xobeh.
  5363 | D:2      | Identified a +0 long sword of distortion (You found it on level 4 of the Dungeon)
  5372 | D:2      | Found a glowing silver altar of Zin.
  6431 | D:3      | Found a deep blue altar of Sif Muna.
  7153 | D:3      | Killed Blork the orc
  7153 | D:3      | Reached skill level 2 in Short Blades
  7258 | D:3      | Noticed Natasha
  7304 | D:3      | Noticed Sigmund
  7553 | D:4      | Killed Crazy Yiuf
  7553 | D:4      | Reached skill level 2 in Evocations
  7588 | D:4      | Reached skill level 2 in Invocations
  7700 | D:5      | Reached skill level 2 in Translocations
  8442 | D:5      | Reached skill level 5 in Dodging
  8442 | D:5      | Reached skill level 5 in Charms
  8469 | D:5      | Found a bloodstained altar of Trog.
  8518 | D:5      | Reached skill level 4 in Fighting
  8676 | D:5      | Reached XP level 9. HP: 65/65 MP: 14/14
  8807 | D:6      | Found a shattered altar of Ashenzari.
  8860 | D:7      | Noticed Joseph
  9138 | D:8      | Reached skill level 2 in Armour
  9153 | D:8      | Reached skill level 4 in Spellcasting
  9277 | D:8      | Reached skill level 3 in Hexes
  9321 | D:8      | Noticed Erica
  9339 | D:8      | Killed Erica
  9339 | D:8      | Reached skill level 3 in Short Blades
  9339 | D:8      | Reached skill level 1 in Necromancy
  9339 | D:8      | Reached skill level 3 in Invocations
  9339 | D:8      | Reached skill level 3 in Evocations
  9343 | D:8      | HP: 16/66 [poisoned by Erica (bolt of poison)]
  9469 | D:7      | Noticed Pikel
  9702 | D:7      | HP: 8/66 [orc priest/divine providence (13)]
  9728 | D:7      | Reached skill level 5 in Long Blades
  9732 | D:7      | HP: 10/66 [orc priest/short sword (3)]
 10014 | D:7      | Killed Joseph
 10014 | D:7      | Reached skill level 6 in Dodging
 10014 | D:7      | Reached XP level 10. HP: 66/73 MP: 12/16
 10095 | D:7      | Killed Pikel
 10095 | D:7      | Reached skill level 5 in Stealth
 10095 | D:7      | Reached skill level 4 in Invocations
 10159 | D:7      | Acquired Okawaru's second power
 10159 | D:7      | Reached skill level 4 in Short Blades
 10281 | D:8      | Found a shimmering altar of Xom.
 10379 | D:8      | Found Qetyatt's Assorted Antiques.
 10390 | D:8      | Bought an emerald potion for 23 gold pieces
 10540 | D:8      | Found Tuomn's Weapon Emporium.
 10653 | D:9      | Reached skill level 5 in Fighting
 10658 | D:9      | Reached skill level 3 in Translocations
 10738 | D:9      | Found Notud's Gadget Shop.
 10759 | D:10     | Entered Level 10 of the Dungeon
 10821 | D:9      | Found a staircase to the Orcish Mines.
 10823 | D:9      | Found a roughly hewn altar of Beogh.
 10826 | Orc:1    | Entered Level 1 of the Orcish Mines
 10826 | Orc:1    | Noticed an orc knight
 10875 | D:10     | Learned a level 2 spell: Song of Slaying
 10891 | D:10     | Reached skill level 1 in Polearms
 10959 | D:9      | Received a gift from Okawaru
 10976 | D:9      | Found a blossoming altar of Fedhas.
 11253 | D:9      | Reached skill level 2 in Polearms
 11253 | D:9      | Reached skill level 4 in Hexes
 11261 | D:9      | Found an opulent altar of Gozag.
 11557 | D:7      | Reached skill level 6 in Charms
 11693 | D:8      | Reached skill level 2 in Necromancy
 12007 | D:9      | Gained mutation: You are agile. (Dex +2) [potion of mutation]
 12007 | D:9      | Gained mutation: Armour fits poorly on your strangely shaped body. [potion of mutation]
 12007 | D:9      | Gained mutation: You are occasionally teleported to nearby monsters. [potion of mutation]
 12008 | D:9      | Lost mutation: Armour fits poorly on your strangely shaped body. [potion of cure mutation]
 12008 | D:9      | Lost mutation: You are agile. (Dex +2) [potion of cure mutation]
 12008 | D:9      | Lost mutation: You are occasionally teleported to nearby monsters. [potion of cure mutation]
 12118 | D:9      | Upgraded the game from 0.17-a0-1701-gf693a3f to 0.17-a0-1708-gbd78d88
 12464 | D:3      | Killed Sigmund
 12464 | D:3      | Reached skill level 1 in Throwing
 12906 | D:3      | Killed Natasha
 13180 | Orc:1    | Killed an orc knight
 13180 | Orc:1    | Received a gift from Okawaru
 13180 | Orc:1    | Reached skill level 7 in Dodging
 13180 | Orc:1    | Reached XP level 11. HP: 42/81 MP: 9/18
 13181 | Orc:1    | Got a steaming longbow {god gift}
 13229 | Orc:1    | Identified the +3 longbow "Kaux" {velocity, -Tele Int+5 Stlth+} (Okawaru gifted it to you on level 1 of the Orcish Mines)
 13440 | Orc:1    | Noticed an orc knight
 13444 | Orc:1    | Noticed an orc sorcerer
 13460 | Orc:2    | Noticed Fannar
 13481 | Orc:2    | Killed Fannar
 13481 | Orc:2    | Reached skill level 5 in Short Blades
 13481 | Orc:2    | Reached skill level 3 in Polearms
 13481 | Orc:2    | Reached skill level 6 in Stealth
 13481 | Orc:2    | Reached skill level 4 in Evocations
 13539 | Orc:2    | Found a flagged portal.
 13578 | Bailey   | Entered a bailey
 13942 | Bailey   | Noticed an orc knight
 13960 | Bailey   | Killed an orc knight
 13960 | Bailey   | Reached skill level 5 in Spellcasting
 13967 | Bailey   | Reached skill level 2 in Throwing
 14167 | Orc:2    | Noticed Harold
 14326 | Orc:3    | Found Azeotz's Distillery.
 14379 | Orc:3    | Found Qor Xoil's Assorted Antiques.
 14478 | Orc:3    | Found Headibet's Gadget Boutique.
 14629 | Orc:2    | Killed Harold
 14629 | Orc:2    | Reached skill level 6 in Long Blades
 14629 | Orc:2    | Reached skill level 4 in Polearms
 14629 | Orc:2    | Reached skill level 3 in Necromancy
 14866 | Orc:3    | Found Tomid's General Store.
 14945 | Orc:3    | Bought a scroll of identify for 28 gold pieces
 14954 | Orc:4    | Entered Level 4 of the Orcish Mines
 14997 | Orc:4    | Found a staircase to the Elven Halls.
 15038 | Orc:4    | Found Ruqawn's Food Shoppe.
 15101 | Orc:4    | Found Uroosucwe's Weapon Emporium.
 15326 | Orc:4    | Reached skill level 5 in Hexes
 15349 | Orc:4    | Noticed an ogre mage
 15380 | Orc:4    | HP: 4/81 [something/fireball (40)]
 15380 | Orc:4    | Killed an ogre mage
 15572 | Orc:3    | Reached skill level 5 in Invocations
 15573 | Orc:3    | Found a bloodstained altar of Trog.
 15765 | Orc:4    | Reached skill level 6 in Fighting
 15770 | Orc:4    | HP: 15/81 [two-headed ogre/giant club (10)]
 15898 | Orc:4    | Noticed a hill giant
 15918 | Orc:4    | Reached skill level 7 in Stealth
 15922 | Orc:4    | Killed a hill giant
 15922 | Orc:4    | Reached XP level 12. HP: 88/88 MP: 16/19
 15979 | Orc:4    | Reached skill level 3 in Throwing
 15981 | Orc:4    | HP: 20/88 [two-headed ogre/dire flail (12)]
 15986 | Orc:4    | Reached skill level 8 in Dodging
 16078 | Orc:4    | Reached skill level 1 in Axes
 16145 | Orc:4    | Noticed an ogre mage
 16166 | Orc:4    | Reached skill level 6 in Short Blades
 16223 | Orc:4    | Found Veurog's Jewellery Emporium.
 16224 | Orc:4    | Noticed a deep troll
 16263 | Orc:4    | HP: 20/88 [deep troll (4)]
 16265 | Orc:4    | HP: 4/88 [deep troll (13)]
 16268 | Orc:4    | Killed a deep troll
 16437 | Orc:4    | Reached skill level 4 in Translocations
 16457 | Orc:3    | Bought the +8 demon blade "Bloodbane" {slice, *Rage +Rage Stlth-} for 973 gold pieces
 16485 | Orc:4    | Noticed a deep troll
 16537 | Orc:4    | Found Raatwaow's Book Boutique.
 16540 | Orc:4    | Bought an uncursed ring of see invisible for 210 gold pieces
 16550 | Orc:4    | Found Mimaparph's Distillery.
 16565 | Orc:4    | Noticed a hill giant
 16598 | Orc:3    | Reached skill level 7 in Charms
 16730 | Orc:4    | Killed a hill giant
 16783 | Orc:4    | Bought 2 potions of poison for 30 gold pieces
 16842 | Orc:4    | Killed an ogre mage
 16911 | Orc:4    | Killed a deep troll
 17014 | Orc:1    | Paralysed by an orc sorcerer for 3 turns
 17021 | Orc:1    | Killed an orc sorcerer
 17021 | Orc:1    | Reached skill level 4 in Necromancy
 17027 | Orc:1    | Killed an orc knight
 17155 | Orc:1    | Found Jooghor's Antique Armour Shoppe.
 17541 | D:10     | Found Ohurchui's Jewellery Shoppe.
 17632 | D:10     | Reached skill level 5 in Evocations
 17679 | D:10     | Found Lyenwuud's Weapon Boutique.
 17710 | D:10     | Noticed a brown ugly thing
 17721 | D:10     | Reached skill level 2 in Axes
 17752 | D:10     | Killed a brown ugly thing
 17841 | D:10     | Reached skill level 4 in Throwing
 17893 | D:10     | Noticed a giant orange brain
 17946 | D:10     | Killed a giant orange brain
 17946 | D:10     | Received a gift from Okawaru
 17994 | D:10     | Reached skill level 7 in Fighting
 17994 | D:10     | Reached skill level 7 in Long Blades
 17994 | D:10     | Reached skill level 3 in Axes
 17994 | D:10     | Reached skill level 5 in Polearms
 17994 | D:10     | Reached skill level 9 in Dodging
 17994 | D:10     | Reached skill level 8 in Stealth
 17994 | D:10     | Reached skill level 6 in Spellcasting
 17994 | D:10     | Reached skill level 6 in Invocations
 17994 | D:10     | Reached XP level 13. HP: 93/96 MP: 17/22
 18087 | Orc:3    | Bought a scroll of magic mapping for 49 gold pieces
 18139 | Orc:3    | Bought a pink potion for 27 gold pieces
 18234 | D:11     | Reached XP level 14. HP: 91/103 MP: 18/23
 18952 | D:11     | Found a staircase to the Lair.
 18991 | D:11     | Received a gift from Okawaru
 19286 | D:11     | Reached skill level 3 in Armour
 19286 | D:11     | Reached skill level 6 in Evocations
 19335 | D:11     | Reached skill level 7 in Short Blades
 19339 | D:11     | Reached skill level 6 in Hexes
 19503 | D:11     | Reached skill level 10 in Dodging
 19604 | Lair:1   | Entered Level 1 of the Lair of Beasts
 20077 | Lair:1   | Noticed Grum
 20666 | Lair:1   | Killed Grum
 20666 | Lair:1   | Reached skill level 7 in Invocations
 21359 | Lair:3   | Got a jewelled leather armour
 21575 | Lair:3   | Received a gift from Okawaru
 21932 | Lair:4   | Found a staircase to the Swamp.
 21970 | Swamp:1  | Entered Level 1 of the Swamp
 22311 | Swamp:1  | HP: 23/104 [insubstantial wisp/static electricity (6)]
 22399 | Swamp:2  | Reached skill level 5 in Translocations
 22404 | Swamp:2  | Reached skill level 5 in Throwing
 22836 | Lair:4   | Reached skill level 9 in Stealth
 23124 | Lair:5   | Noticed Snorg
 23284 | Lair:5   | Reached skill level 8 in Charms
 23468 | Lair:5   | Received a gift from Okawaru
 23501 | Lair:5   | Reached skill level 4 in Axes
 23694 | Lair:5   | Reached skill level 8 in Fighting
 23774 | Lair:5   | Learned a level 3 spell: Dazzling Spray
 23777 | Lair:5   | Learned a level 2 spell: Ensorcelled Hibernation
 23923 | Lair:4   | Identified the cursed +0 leather armour of the Land of Plenty {*Confuse rC+ rN+} (You found it on level 3 of the Lair of Beasts)
 24271 | Lair:6   | You fall through a shaft for 2 floors!
 24271 | Lair:8   | Entered Level 8 of the Lair of Beasts
 24320 | Lair:8   | Reached XP level 15. HP: 49/110 MP: 22/25
 24329 | Lair:8   | Reached skill level 1 in Shields
 24562 | Lair:8   | Learned a level 4 spell: Iskenderun's Mystic Blast
 24836 | Lair:8   | Reached skill level 8 in Long Blades
 24855 | Lair:8   | Reached skill level 1 in Conjurations
 24947 | Lair:8   | Found a staircase to the Slime Pits.
 25154 | Lair:8   | Received a gift from Okawaru
 25252 | Lair:8   | Reached skill level 7 in Spellcasting
 25252 | Lair:8   | Reached skill level 5 in Necromancy
 25252 | Lair:8   | Reached skill level 1 in Ice Magic
 25799 | Lair:7   | HP: 26/110 [yak[a torpor snail] (10)]
 25804 | Lair:6   | HP: 11/110 [poisoned by a spiny frog]
 26012 | Lair:7   | Reached skill level 2 in Conjurations
 26211 | Lair:8   | Received a gift from Okawaru
 27102 | Lair:4   | Reached skill level 7 in Hexes
 27102 | Lair:4   | Reached skill level 2 in Ice Magic
 27102 | Lair:4   | Reached skill level 7 in Evocations
 27167 | Lair:3   | Found a hole to the Spider Nest.
 27223 | Spider:1 | Entered Level 1 of the Spider Nest
 27279 | Spider:1 | Noticed Louise
 27453 | Spider:2 | Received a gift from Okawaru
 27577 | Spider:2 | Reached skill level 2 in Shields
 27825 | Spider:1 | HP: 19/112 [wolf spider (12)]
 27826 | Spider:1 | Received a gift from Okawaru
 28433 | Lair:2   | Upgraded the game from 0.17-a0-1708-gbd78d88 to 0.17-a0-1713-gdf939a4
 28760 | Swamp:1  | Reached skill level 5 in Axes
 28768 | Swamp:1  | Reached skill level 11 in Dodging
 29344 | Swamp:3  | Reached XP level 16. HP: 74/118 MP: 24/27
 29378 | Swamp:2  | Paralysed by a hornet for 4 turns
 29381 | Swamp:2  | HP: 26/118 [poisoned by a hornet]
 29385 | Swamp:2  | HP: 8/118 [hornet (8)]
 29516 | Swamp:2  | HP: 29/118 [poison (poison gas)]
 29521 | Swamp:2  | HP: 19/118 [poison (poison gas)]
 29526 | Swamp:2  | HP: 11/118 [poison (poison gas)]
 29530 | Swamp:2  | HP: 5/118 [poison (poison gas)]
 29535 | Swamp:2  | HP: 2/118 [poison (poison gas)]
 29537 | Swamp:2  | Succumbed to poison (poison gas)

Vault maps used:
D:1:      enne_arrival_octagon_isle
D:2:      lemuel_coloured_pillars_altar, kennysheep_generic_room_8,
          uniq_crazy_yiuf_cottage
D:3:      tgw_sif, uniq_iyjb, uniq_natasha, uniq_sigmund, uniq_jessica
D:4:      nemelex_xobeh_ov_fountains_minmay, minmay_misc_feat_encased,
          corexii_leaking_fountain
D:5:      kennysheep_little_box, minmay_temple_entry_glass, first_bread,
          portal_sewer_entry_d, serial_shops, shop, minivault_4,
          trog_hazing_becter
D:6:      kennysheep_mini
D:7:      serial_shops, nicolae_shop_trees, uniq_pikel, uniq_joseph
D:8:      xom_butterflies, serial_shops, nicolae_shop_crystal, shop,
          hangedman_pestilent_swarm, uniq_erica
D:9:      lemuel_doored_altar, minmay_orc_entry_temple_small, serial_shops,
          shop, fedhas_altar_1
D:10:     serial_gnoll_camp, gnoll_camp_mini_hut, gnoll_camp_mini_shop,
          gnoll_camp_mini_doghouse, gnoll_camp_medium_02, gnoll_camp_mini_shop,
          minmay_brain_eaters
D:11:     erik_lair_island, serial_ice, serial_ice_j, serial_ice_g,
          serial_ice_c, serial_ice_m, serial_ice_f, serial_ice_o
D:12:     cheibriados_altar_1
Temple:   temple_eino_lava_12
Lair:1:   infiniplex_staircase_pool, uniq_grum
Lair:3:   spider_nest_entry_funnel_web
Lair:4:   nicolae_swamp_entry_splash_gauntlet
Lair:5:   uniq_snorg
Lair:6:   infiniplex_staircase_pool_2
Lair:8:   minmay_lair_end_frog_pond, slime_dummy
Swamp:1:  serial_swamp_ruin, evilmike_swamp_ruin_house_4,
          evilmike_swamp_ruin_house_1
Swamp:2:  hangedman_swamp_pad, swamp_pool1
Swamp:3:  nicolae_swamp_treefoil
Spider:1: uniq_louise, uniq_donald
Spider:2: spiders_nest_scorpion_pit
Orc:1:    serial_shops, shop
Orc:2:    enter_bailey_3, uniq_urug, uniq_fannar, uniq_harold, uniq_maud
Orc:3:    serial_shops, nicolae_shop_trees, shop_coins, shop,
          nicolae_shop_waterfront, nicolae_orc_pool_cavern, trog_book
Orc:4:    st_orc_open, serial_shops, nicolae_shop_statue_plus,
          nicolae_orc_sculptors_studio
Bailey:   bailey_polearm_2, bailey
Dungeon
Crawl
Stone
Soup      version 0.17-a0-1713-gdf939a4 (webtiles) character file. 91562
Antunes   the
Nimble    (level 16, -1/118 HPs)
Began     as a
Merfolk
Skald     on
Aug       21, 2015.
Was       a
High
Priest    of Okawaru.
Succumbed to poison (poison gas) ... on level 2 of the
Swamp     on
Aug       23, 2015.
The       game lasted 07:32:45 (29537 turns).
Dungeon
Overview  and
Level
Annotations
Branches:
Dungeon   (12/15)
Temple    (1/1)
D:5
Lair      (8/8)
D:11
Swamp     (3/4)
Lair:4
Spider    (3/4)
Lair:3
Slime     (0/6)
Lair:8
Orc       (4/4)
D:9
Elf       (0/3)
Orc:4
Altars:
Ashenzari
Cheibriados
Dithmenos
Elyvilon
Fedhas
Gozag
Kikubaaqudgha
Makhleb
Nemelex
Xobeh
Okawaru
Qazlal
Ru
Sif
Muna
Trog
Vehumet
Xom
Yredelemnul
Zin
The
Shining
One
Beogh
Shops:
D:5       :
D:7       (
D:8       *(
D:9       }
D:10      =(
Orc:1     [
Orc:3     **}!
Orc:4     =!(:%
Annotations:
D:6       exclusion: downstairs
D:8       exclusion: upstairs
Lair:4    exclusion: downstairs
Lair:5
Snorg
Lair:8    exclusion: upstairs
Swamp:2   exclusion: downstairs
Spider:1
Louise
Orc:2     exclusion: upstairs
Antunes   the
Nimble    (Merfolk Skald)
Turns:    29537, Time: 07:32:45
Health:   -1/118
AC:       19
Str:      12 (13)
XL:       16
Next:     3%
Magic:    24/27
EV:       16
Int:      16
God:
Okawaru   [*****.]
Gold:     1434
SH:       4
Dex:      15
Spells:   8 memorised, 10 levels left rFire . . .
SeeInvis  + e - +8 demon blade "Bloodbane" {slice, *Rage +Rage Stlth-} rCold . .
          . Rnd*Rage +
H         - quicksilver dragon armour rNeg . . .
SustAt    . d - +0 buckler rPois .
Gourm     + p - +2 hat {MR+} rElec .
Spirit    .
W         - +0 cloak rCorr .
Warding   .
O         - +2 pair of gloves rMut .
Stasis    . o - +2 pair of boots
MR        ++++.
R         - amulet of the gourmand
Stlth     +++....... x - ring of see invisible
G         - ring of protection from magic @: lethally poisoned (-1 -> -13),
          exhausted, infused, very slightly contaminated, hasted and slowed,
          incredibly resistant to hostile enchantments, fairly stealthy
A:        change form in water, swift swim a: Heroism, Finesse, Renounce
          Religion, Evoke
Berserk
Rage
Skills:   *
Level     8.6
Fighting  +
Level     7.4(9.5)
Short
Blades    +
Level     8.4(9.5)
Long
Blades    *
Level     5.1(5.5)
Axes      +
Level     5.3(7.9)
Polearms  *
Level     5.9
Throwing  -
Level     3.3
Armour    +
Level     11.0
Dodging   *
Level     9.9
Stealth   *
Level     2.2
Shields   *
Level     7.5
Spellcasting *
Level     2.7
Conjurations *
Level     7.2
Hexes     *
Level     8.8
Charms    +
Level     5.2
Necromancy +
Level     5.3
Translocations *
Level     2.8
Ice
Magic     *
Level     7.9
Invocations *
Level     7.4
Evocations
You       had 10 spell levels left.
You       knew the following spells:
Your
Spells
Type
Power
Failure
Level
Hunger    a -
Infusion
Chrm      ####.. 1% 1
None      b -
Spectral
Weapon    Hex/Chrm ####.... 4% 3 ##..... c -
Song      of
Slaying
Chrm      ####.... 1% 2
None      d -
Dazzling
Spray     Conj/Hex ###..... 14% 3 ##..... e - Iskenderun's
Mystic
Conj      ##...... 90% 4 ####... f -
Ensorcelled
Hibernat  Hex/Ice ###... 10% 2
None      r -
Regeneration Chrm/Necr ####...... 8% 3 ##..... s -
Shroud    of
Golubria  Chrm/Tloc ####...... 3% 2
None
You       were on level 2 of the Swamp.
You       worshipped Okawaru.
Okawaru   was extremely pleased with you.
You       were not hungry.
You       visited 6 branches of the dungeon, and saw 31 of its levels.
You       also visited: Bailey.
You       collected 2774 gold pieces.
You       spent 1340 gold pieces at shops.
There     were no monsters in sight!
Message
History
Drink     which item? (? for menu, Esc to quit) Okay, then. * * *
LOW
HITPOINT
WARNING   * * *
You       feel sick.
Your      legs become a tail as you enter the water.
Your      +2 pair of boots melds into your body. * * *
LOW
HITPOINT
WARNING   * * *
You       feel sick.
Your      +2 pair of boots unmelds from your body. * * *
LOW
HITPOINT
WARNING   * * *
You       feel sick.
Your      spectral weapon fades away. * * *
LOW
HITPOINT
WARNING   * * *
You       feel sick. * * *
LOW
HITPOINT
WARNING   * * *
You       feel sick.
Drink     which item? (? for menu, Esc to quit) Okay, then.
Wield     which item (- for none, * to show all)? (? for menu, Esc to quit)
Your      +9 scimitar of flaming stops flaming. e - the +8 demon blade
          "Bloodbane" (weapon) {slice, *Rage +Rage Stlth-} * * *
LOW
HITPOINT
WARNING   * * *
You       feel sick.
Search    for what [? for help]? potion
Char      dumped successfully.
Drink     which item? (? for menu, Esc to quit)
A         red film seems to cover your vision as you go berserk!
You       feel yourself moving faster!
You       feel mighty! * * *
LOW
HITPOINT
WARNING   * * *
You       feel sick.
You       feel a strong urge to attack something. * * *
LOW
HITPOINT
WARNING   * * *
You       feel sick. * * *
LOW
HITPOINT
WARNING   * * *
You       feel sick.
Your      legs become a tail as you enter the water.
Your      +2 pair of boots melds into your body.
You       feel your anger subside.
You       are no longer berserk.
You       are exhausted.
You       feel yourself slow down. * * *
LOW
HITPOINT
WARNING   * * *
You       feel sick.
A         shadow comes into view.
Your      +2 pair of boots unmelds from your body. * * *
LOW
HITPOINT
WARNING   * * *
You       feel sick. * * *
LOW
HITPOINT
WARNING   * * *
You       feel sick.
You       die...

Action                   |  1- 3 |  4- 6 |  7- 9 | 10-12 | 13-15 | 16-18 || total
-------------------------+-------+-------+-------+-------+-------+-------++-------
Melee: Falchion          |    86 |    86 |   222 |   220 |       |       ||   614
       Long sword        |       |       |   134 |       |       |       ||   134
       Halberd           |       |       |     5 |       |       |       ||     5
       Scimitar          |       |       |       |   637 |  1361 |    16 ||  2014
       War axe           |       |       |       |    60 |   139 |       ||   199
       Demon blade       |       |       |       |    27 |     4 |       ||    31
       Short sword       |       |       |       |       |     2 |       ||     2
Throw: Tomahawk          |     4 |     2 |       |    43 |       |       ||    49
       Javelin           |       |       |       |    50 |    80 |       ||   130
 Cast: Infusion          |     3 |     5 |     4 |     3 |     7 |     1 ||    23
       Regeneration      |       |       |     6 |    53 |    91 |     5 ||   155
       Shroud of Golubri |       |       |     5 |    28 |    88 |     1 ||   122
       Spectral Weapon   |       |       |     1 |    12 |    70 |     1 ||    84
       Song of Slaying   |       |       |       |     5 |     1 |       ||     6
Invok: Heroism           |       |       |     1 |    35 |    18 |       ||    54
       Finesse           |       |       |       |     1 |       |       ||     1
Evoke: Wand              |       |       |       |     1 |     6 |       ||     7
  Use: Scroll            |       |     9 |     9 |     7 |    21 |       ||    46
       Potion            |       |       |     2 |    11 |     8 |     5 ||    26
 Stab: Distracted        |     1 |       |     1 |     2 |     8 |       ||    12
       Sleeping          |       |     4 |     2 |    20 |    23 |       ||    49
  Eat: Chunk             |     2 |     4 |    16 |    39 |    47 |    10 ||   118
       Pizza             |     1 |       |     1 |       |       |       ||     2
       Beef jerky        |       |     1 |       |     1 |     1 |       ||     3
       Fruit             |       |     1 |     3 |       |       |       ||     4
       Bread ration      |       |       |       |       |     2 |       ||     2
Notes Turn | Place | Note -------------------------------------------------------------- 0 | D:1 | Antunes the Merfolk Skald began the quest for the Orb. 0 | D:1 | Reached XP level 1. HP: 16/16 MP: 3/3 96 | D:1 | HP: 2/17 [hobgoblin/club (4)] 450 | D:1 | Reached XP level 2. HP: 23/23 MP: 5/5 599 | D:1 | Reached skill level 2 in Dodging 640 | D:1 | Reached XP level 3. HP: 17/28 MP: 0/6 1267 | D:2 | Noticed Crazy Yiuf 1431 | D:1 | Reached skill level 1 in Stealth 1695 | D:3 | Noticed Jessica 1733 | D:3 | Learned a level 3 spell: Spectral Weapon 1736 | D:3 | Learned a level 2 spell: Shroud of Golubria 1876 | D:4 | Noticed a phantom 1922 | D:3 | Reached XP level 4. HP: 26/34 MP: 4/7 2631 | D:3 | Noticed Ijyb 2651 | D:3 | Killed Ijyb 2651 | D:3 | Reached skill level 3 in Dodging 2655 | D:3 | Noticed Blork the orc 2806 | D:4 | Reached XP level 5. HP: 40/40 MP: 5/8 2973 | D:4 | Reached skill level 2 in Stealth 2973 | D:4 | Reached skill level 1 in Hexes 3054 | D:5 | Entered Level 5 of the Dungeon 3056 | D:5 | Noticed a centaur 3317 | D:5 | Noticed a centaur 3386 | D:5 | Found a staircase to the Ecumenical Temple. 3409 | Temple | Entered the Ecumenical Temple 3475 | Temple | Became a worshipper of Warmaster Okawaru 3561 | D:5 | Found a sacrificial altar of Ru. 3652 | D:5 | Found Sopsopp's Book Emporium. 3668 | D:5 | Reached skill level 3 in Long Blades 3668 | D:5 | Reached XP level 6. HP: 12/46 MP: 9/9 3981 | D:6 | Reached skill level 4 in Charms 4005 | D:6 | Reached skill level 3 in Stealth 4005 | D:6 | Reached skill level 1 in Evocations 4163 | D:7 | Reached skill level 4 in Dodging 4167 | D:7 | Reached skill level 3 in Fighting 4167 | D:7 | Reached skill level 1 in Armour 4167 | D:7 | Reached skill level 1 in Translocations 4167 | D:7 | Reached XP level 7. HP: 26/52 MP: 10/10 4214 | D:7 | Found Vekka's Weapon Shop. 4256 | D:7 | Acquired Okawaru's first power 4475 | D:6 | Reached skill level 1 in Short Blades 4508 | D:6 | Killed Jessica 4543 | D:6 | Reached skill level 2 in Hexes 4567 | D:5 | Reached skill level 3 in Spellcasting 4577 | D:5 | Killed a centaur 4579 | D:5 | Reached XP level 8. HP: 56/58 MP: 12/12 4592 | D:5 | Reached skill level 1 in Invocations 4648 | D:5 | Killed a centaur 4648 | D:5 | Reached skill level 4 in Long Blades 4658 | D:5 | Noticed a centaur 4731 | D:5 | Killed a centaur 4773 | D:5 | Learned a level 3 spell: Regeneration 4919 | D:4 | Killed a phantom 4919 | D:4 | Reached skill level 4 in Stealth 4936 | D:4 | Found a sparkling altar of Nemelex Xobeh. 5363 | D:2 | Identified a +0 long sword of distortion (You found it on level 4 of the Dungeon) 5372 | D:2 | Found a glowing silver altar of Zin. 6431 | D:3 | Found a deep blue altar of Sif Muna. 7153 | D:3 | Killed Blork the orc 7153 | D:3 | Reached skill level 2 in Short Blades 7258 | D:3 | Noticed Natasha 7304 | D:3 | Noticed Sigmund 7553 | D:4 | Killed Crazy Yiuf 7553 | D:4 | Reached skill level 2 in Evocations 7588 | D:4 | Reached skill level 2 in Invocations 7700 | D:5 | Reached skill level 2 in Translocations 8442 | D:5 | Reached skill level 5 in Dodging 8442 | D:5 | Reached skill level 5 in Charms 8469 | D:5 | Found a bloodstained altar of Trog. 8518 | D:5 | Reached skill level 4 in Fighting 8676 | D:5 | Reached XP level 9. HP: 65/65 MP: 14/14 8807 | D:6 | Found a shattered altar of Ashenzari. 8860 | D:7 | Noticed Joseph 9138 | D:8 | Reached skill level 2 in Armour 9153 | D:8 | Reached skill level 4 in Spellcasting 9277 | D:8 | Reached skill level 3 in Hexes 9321 | D:8 | Noticed Erica 9339 | D:8 | Killed Erica 9339 | D:8 | Reached skill level 3 in Short Blades 9339 | D:8 | Reached skill level 1 in Necromancy 9339 | D:8 | Reached skill level 3 in Invocations 9339 | D:8 | Reached skill level 3 in Evocations 9343 | D:8 | HP: 16/66 [poisoned by Erica (bolt of poison)] 9469 | D:7 | Noticed Pikel 9702 | D:7 | HP: 8/66 [orc priest/divine providence (13)] 9728 | D:7 | Reached skill level 5 in Long Blades 9732 | D:7 | HP: 10/66 [orc priest/short sword (3)] 10014 | D:7 | Killed Joseph 10014 | D:7 | Reached skill level 6 in Dodging 10014 | D:7 | Reached XP level 10. HP: 66/73 MP: 12/16 10095 | D:7 | Killed Pikel 10095 | D:7 | Reached skill level 5 in Stealth 10095 | D:7 | Reached skill level 4 in Invocations 10159 | D:7 | Acquired Okawaru's second power 10159 | D:7 | Reached skill level 4 in Short Blades 10281 | D:8 | Found a shimmering altar of Xom. 10379 | D:8 | Found Qetyatt's Assorted Antiques. 10390 | D:8 | Bought an emerald potion for 23 gold pieces 10540 | D:8 | Found Tuomn's Weapon Emporium. 10653 | D:9 | Reached skill level 5 in Fighting 10658 | D:9 | Reached skill level 3 in Translocations 10738 | D:9 | Found Notud's Gadget Shop. 10759 | D:10 | Entered Level 10 of the Dungeon 10821 | D:9 | Found a staircase to the Orcish Mines. 10823 | D:9 | Found a roughly hewn altar of Beogh. 10826 | Orc:1 | Entered Level 1 of the Orcish Mines 10826 | Orc:1 | Noticed an orc knight 10875 | D:10 | Learned a level 2 spell: Song of Slaying 10891 | D:10 | Reached skill level 1 in Polearms 10959 | D:9 | Received a gift from Okawaru 10976 | D:9 | Found a blossoming altar of Fedhas. 11253 | D:9 | Reached skill level 2 in Polearms 11253 | D:9 | Reached skill level 4 in Hexes 11261 | D:9 | Found an opulent altar of Gozag. 11557 | D:7 | Reached skill level 6 in Charms 11693 | D:8 | Reached skill level 2 in Necromancy 12007 | D:9 | Gained mutation: You are agile. (Dex +2) [potion of mutation] 12007 | D:9 | Gained mutation: Armour fits poorly on your strangely shaped body. [potion of mutation] 12007 | D:9 | Gained mutation: You are occasionally teleported to nearby monsters. [potion of mutation] 12008 | D:9 | Lost mutation: Armour fits poorly on your strangely shaped body. [potion of cure mutation] 12008 | D:9 | Lost mutation: You are agile. (Dex +2) [potion of cure mutation] 12008 | D:9 | Lost mutation: You are occasionally teleported to nearby monsters. [potion of cure mutation] 12118 | D:9 | Upgraded the game from 0.17-a0-1701-gf693a3f to 0.17-a0-1708-gbd78d88 12464 | D:3 | Killed Sigmund 12464 | D:3 | Reached skill level 1 in Throwing 12906 | D:3 | Killed Natasha 13180 | Orc:1 | Killed an orc knight 13180 | Orc:1 | Received a gift from Okawaru 13180 | Orc:1 | Reached skill level 7 in Dodging 13180 | Orc:1 | Reached XP level 11. HP: 42/81 MP: 9/18 13181 | Orc:1 | Got a steaming longbow {god gift} 13229 | Orc:1 | Identified the +3 longbow "Kaux" {velocity, -Tele Int+5 Stlth+} (Okawaru gifted it to you on level 1 of the Orcish Mines) 13440 | Orc:1 | Noticed an orc knight 13444 | Orc:1 | Noticed an orc sorcerer 13460 | Orc:2 | Noticed Fannar 13481 | Orc:2 | Killed Fannar 13481 | Orc:2 | Reached skill level 5 in Short Blades 13481 | Orc:2 | Reached skill level 3 in Polearms 13481 | Orc:2 | Reached skill level 6 in Stealth 13481 | Orc:2 | Reached skill level 4 in Evocations 13539 | Orc:2 | Found a flagged portal. 13578 | Bailey | Entered a bailey 13942 | Bailey | Noticed an orc knight 13960 | Bailey | Killed an orc knight 13960 | Bailey | Reached skill level 5 in Spellcasting 13967 | Bailey | Reached skill level 2 in Throwing 14167 | Orc:2 | Noticed Harold 14326 | Orc:3 | Found Azeotz's Distillery. 14379 | Orc:3 | Found Qor Xoil's Assorted Antiques. 14478 | Orc:3 | Found Headibet's Gadget Boutique. 14629 | Orc:2 | Killed Harold 14629 | Orc:2 | Reached skill level 6 in Long Blades 14629 | Orc:2 | Reached skill level 4 in Polearms 14629 | Orc:2 | Reached skill level 3 in Necromancy 14866 | Orc:3 | Found Tomid's General Store. 14945 | Orc:3 | Bought a scroll of identify for 28 gold pieces 14954 | Orc:4 | Entered Level 4 of the Orcish Mines 14997 | Orc:4 | Found a staircase to the Elven Halls. 15038 | Orc:4 | Found Ruqawn's Food Shoppe. 15101 | Orc:4 | Found Uroosucwe's Weapon Emporium. 15326 | Orc:4 | Reached skill level 5 in Hexes 15349 | Orc:4 | Noticed an ogre mage 15380 | Orc:4 | HP: 4/81 [something/fireball (40)] 15380 | Orc:4 | Killed an ogre mage 15572 | Orc:3 | Reached skill level 5 in Invocations 15573 | Orc:3 | Found a bloodstained altar of Trog. 15765 | Orc:4 | Reached skill level 6 in Fighting 15770 | Orc:4 | HP: 15/81 [two-headed ogre/giant club (10)] 15898 | Orc:4 | Noticed a hill giant 15918 | Orc:4 | Reached skill level 7 in Stealth 15922 | Orc:4 | Killed a hill giant 15922 | Orc:4 | Reached XP level 12. HP: 88/88 MP: 16/19 15979 | Orc:4 | Reached skill level 3 in Throwing 15981 | Orc:4 | HP: 20/88 [two-headed ogre/dire flail (12)] 15986 | Orc:4 | Reached skill level 8 in Dodging 16078 | Orc:4 | Reached skill level 1 in Axes 16145 | Orc:4 | Noticed an ogre mage 16166 | Orc:4 | Reached skill level 6 in Short Blades 16223 | Orc:4 | Found Veurog's Jewellery Emporium. 16224 | Orc:4 | Noticed a deep troll 16263 | Orc:4 | HP: 20/88 [deep troll (4)] 16265 | Orc:4 | HP: 4/88 [deep troll (13)] 16268 | Orc:4 | Killed a deep troll 16437 | Orc:4 | Reached skill level 4 in Translocations 16457 | Orc:3 | Bought the +8 demon blade "Bloodbane" {slice, *Rage +Rage Stlth-} for 973 gold pieces 16485 | Orc:4 | Noticed a deep troll 16537 | Orc:4 | Found Raatwaow's Book Boutique. 16540 | Orc:4 | Bought an uncursed ring of see invisible for 210 gold pieces 16550 | Orc:4 | Found Mimaparph's Distillery. 16565 | Orc:4 | Noticed a hill giant 16598 | Orc:3 | Reached skill level 7 in Charms 16730 | Orc:4 | Killed a hill giant 16783 | Orc:4 | Bought 2 potions of poison for 30 gold pieces 16842 | Orc:4 | Killed an ogre mage 16911 | Orc:4 | Killed a deep troll 17014 | Orc:1 | Paralysed by an orc sorcerer for 3 turns 17021 | Orc:1 | Killed an orc sorcerer 17021 | Orc:1 | Reached skill level 4 in Necromancy 17027 | Orc:1 | Killed an orc knight 17155 | Orc:1 | Found Jooghor's Antique Armour Shoppe. 17541 | D:10 | Found Ohurchui's Jewellery Shoppe. 17632 | D:10 | Reached skill level 5 in Evocations 17679 | D:10 | Found Lyenwuud's Weapon Boutique. 17710 | D:10 | Noticed a brown ugly thing 17721 | D:10 | Reached skill level 2 in Axes 17752 | D:10 | Killed a brown ugly thing 17841 | D:10 | Reached skill level 4 in Throwing 17893 | D:10 | Noticed a giant orange brain 17946 | D:10 | Killed a giant orange brain 17946 | D:10 | Received a gift from Okawaru 17994 | D:10 | Reached skill level 7 in Fighting 17994 | D:10 | Reached skill level 7 in Long Blades 17994 | D:10 | Reached skill level 3 in Axes 17994 | D:10 | Reached skill level 5 in Polearms 17994 | D:10 | Reached skill level 9 in Dodging 17994 | D:10 | Reached skill level 8 in Stealth 17994 | D:10 | Reached skill level 6 in Spellcasting 17994 | D:10 | Reached skill level 6 in Invocations 17994 | D:10 | Reached XP level 13. HP: 93/96 MP: 17/22 18087 | Orc:3 | Bought a scroll of magic mapping for 49 gold pieces 18139 | Orc:3 | Bought a pink potion for 27 gold pieces 18234 | D:11 | Reached XP level 14. HP: 91/103 MP: 18/23 18952 | D:11 | Found a staircase to the Lair. 18991 | D:11 | Received a gift from Okawaru 19286 | D:11 | Reached skill level 3 in Armour 19286 | D:11 | Reached skill level 6 in Evocations 19335 | D:11 | Reached skill level 7 in Short Blades 19339 | D:11 | Reached skill level 6 in Hexes 19503 | D:11 | Reached skill level 10 in Dodging 19604 | Lair:1 | Entered Level 1 of the Lair of Beasts 20077 | Lair:1 | Noticed Grum 20666 | Lair:1 | Killed Grum 20666 | Lair:1 | Reached skill level 7 in Invocations 21359 | Lair:3 | Got a jewelled leather armour 21575 | Lair:3 | Received a gift from Okawaru 21932 | Lair:4 | Found a staircase to the Swamp. 21970 | Swamp:1 | Entered Level 1 of the Swamp 22311 | Swamp:1 | HP: 23/104 [insubstantial wisp/static electricity (6)] 22399 | Swamp:2 | Reached skill level 5 in Translocations 22404 | Swamp:2 | Reached skill level 5 in Throwing 22836 | Lair:4 | Reached skill level 9 in Stealth 23124 | Lair:5 | Noticed Snorg 23284 | Lair:5 | Reached skill level 8 in Charms 23468 | Lair:5 | Received a gift from Okawaru 23501 | Lair:5 | Reached skill level 4 in Axes 23694 | Lair:5 | Reached skill level 8 in Fighting 23774 | Lair:5 | Learned a level 3 spell: Dazzling Spray 23777 | Lair:5 | Learned a level 2 spell: Ensorcelled Hibernation 23923 | Lair:4 | Identified the cursed +0 leather armour of the Land of Plenty {*Confuse rC+ rN+} (You found it on level 3 of the Lair of Beasts) 24271 | Lair:6 | You fall through a shaft for 2 floors! 24271 | Lair:8 | Entered Level 8 of the Lair of Beasts 24320 | Lair:8 | Reached XP level 15. HP: 49/110 MP: 22/25 24329 | Lair:8 | Reached skill level 1 in Shields 24562 | Lair:8 | Learned a level 4 spell: Iskenderun's Mystic Blast 24836 | Lair:8 | Reached skill level 8 in Long Blades 24855 | Lair:8 | Reached skill level 1 in Conjurations 24947 | Lair:8 | Found a staircase to the Slime Pits. 25154 | Lair:8 | Received a gift from Okawaru 25252 | Lair:8 | Reached skill level 7 in Spellcasting 25252 | Lair:8 | Reached skill level 5 in Necromancy 25252 | Lair:8 | Reached skill level 1 in Ice Magic 25799 | Lair:7 | HP: 26/110 [yak[a torpor snail] (10)] 25804 | Lair:6 | HP: 11/110 [poisoned by a spiny frog] 26012 | Lair:7 | Reached skill level 2 in Conjurations 26211 | Lair:8 | Received a gift from Okawaru 27102 | Lair:4 | Reached skill level 7 in Hexes 27102 | Lair:4 | Reached skill level 2 in Ice Magic 27102 | Lair:4 | Reached skill level 7 in Evocations 27167 | Lair:3 | Found a hole to the Spider Nest. 27223 | Spider:1 | Entered Level 1 of the Spider Nest 27279 | Spider:1 | Noticed Louise 27453 | Spider:2 | Received a gift from Okawaru 27577 | Spider:2 | Reached skill level 2 in Shields 27825 | Spider:1 | HP: 19/112 [wolf spider (12)] 27826 | Spider:1 | Received a gift from Okawaru 28433 | Lair:2 | Upgraded the game from 0.17-a0-1708-gbd78d88 to 0.17-a0-1713-gdf939a4 28760 | Swamp:1 | Reached skill level 5 in Axes 28768 | Swamp:1 | Reached skill level 11 in Dodging 29344 | Swamp:3 | Reached XP level 16. HP: 74/118 MP: 24/27 29378 | Swamp:2 | Paralysed by a hornet for 4 turns 29381 | Swamp:2 | HP: 26/118 [poisoned by a hornet] 29385 | Swamp:2 | HP: 8/118 [hornet (8)] 29516 | Swamp:2 | HP: 29/118 [poison (poison gas)] 29521 | Swamp:2 | HP: 19/118 [poison (poison gas)] 29526 | Swamp:2 | HP: 11/118 [poison (poison gas)] 29530 | Swamp:2 | HP: 5/118 [poison (poison gas)] 29535 | Swamp:2 | HP: 2/118 [poison (poison gas)] 29537 | Swamp:2 | Succumbed to poison (poison gas)

Table legend:
 A = Turns spent in this place as a percentage of turns spent in the entire game.
 B = Non-inter-level travel turns spent in this place as a percentage of non-inter-level travel turns spent in the entire game.
 C = Inter-level travel turns spent in this place as a percentage of turns spent in this place.
 D = Turns resting spent in this place as a percentage of non-inter-level travel turns spent in this place.
 E = Turns spent auto-exploring this place as a percentage of non-inter-level travel turns spent in this place.
 F = Non-inter-level travel turns spent in this place divided by the number of levels of this place that you've seen.
                   A       B       C       D       E      F
               +-------+-------+-------+-------+-------+----------------------
         Total | 100.0 | 100.0 |   0.0 |   1.1 |   0.6 | 706.0
       Dungeon |  48.2 |  48.2 |   0.0 |   1.0 |   0.6 | 907.3
        Temple |   0.6 |   0.6 |   0.0 |   2.8 |   5.7 | 141.0
          Lair |  26.7 |  26.7 |   0.0 |   0.7 |   0.7 | 753.5
         Swamp |   6.3 |   6.3 |   0.0 |   2.0 |   0.4 | 478.0
   Spider Nest |   4.0 |   4.0 |   0.0 |   1.6 |   0.2 | 297.7
  Orcish Mines |  11.8 |  11.8 |   0.1 |   2.0 |   0.5 | 665.8
        Bailey |   2.4 |   2.4 |   0.0 |   0.4 |   0.0 | 545.0
               +-------+-------+-------+-------+-------+----------------------

Table legend:
 A = Kills in this place as a percentage of kills in entire the game.
 B = Kills by you in this place as a percentage of kills by you in the entire game.
 C = Kills by friends in this place as a percentage of kills by friends in the entire game.
 D = Other kills in this place as a percentage of other kills in the entire game.
 E = Experience gained in this place as a percentage of experience gained in the entire game.
 F = Experience gained in this place divided by the number of levels of this place that you have seen.
                   A       B       C       D       E      F
               +-------+-------+-------+-------+-------+----------------------
         Total | 100.0 | 100.0 |  -nan | 100.0 | 100.0 | 3401.3
       Dungeon |  41.3 |  41.2 |  -nan |  66.7 |  19.9 | 1805.0
          Lair |  28.6 |  28.7 |  -nan |   0.0 |  38.5 | 5241.4
         Swamp |   5.5 |   5.6 |  -nan |   0.0 |  15.6 | 5672.3
   Spider Nest |   3.9 |   3.9 |  -nan |   0.0 |   8.1 | 2948.7
  Orcish Mines |  17.8 |  17.7 |  -nan |  33.3 |  15.7 | 4269.0
        Bailey |   2.9 |   2.9 |  -nan |   0.0 |   2.1 | 2311.0
               +-------+-------+-------+-------+-------+----------------------

Vault maps used:
D:1:      enne_arrival_octagon_isle
D:2:      lemuel_coloured_pillars_altar, kennysheep_generic_room_8,
          uniq_crazy_yiuf_cottage
D:3:      tgw_sif, uniq_iyjb, uniq_natasha, uniq_sigmund, uniq_jessica
D:4:      nemelex_xobeh_ov_fountains_minmay, minmay_misc_feat_encased,
          corexii_leaking_fountain
D:5:      kennysheep_little_box, minmay_temple_entry_glass, first_bread,
          portal_sewer_entry_d, serial_shops, shop, minivault_4,
          trog_hazing_becter
D:6:      kennysheep_mini
D:7:      serial_shops, nicolae_shop_trees, uniq_pikel, uniq_joseph
D:8:      xom_butterflies, serial_shops, nicolae_shop_crystal, shop,
          hangedman_pestilent_swarm, uniq_erica
D:9:      lemuel_doored_altar, minmay_orc_entry_temple_small, serial_shops,
          shop, fedhas_altar_1
D:10:     serial_gnoll_camp, gnoll_camp_mini_hut, gnoll_camp_mini_shop,
          gnoll_camp_mini_doghouse, gnoll_camp_medium_02, gnoll_camp_mini_shop,
          minmay_brain_eaters
D:11:     erik_lair_island, serial_ice, serial_ice_j, serial_ice_g,
          serial_ice_c, serial_ice_m, serial_ice_f, serial_ice_o
D:12:     cheibriados_altar_1
Temple:   temple_eino_lava_12
Lair:1:   infiniplex_staircase_pool, uniq_grum
Lair:3:   spider_nest_entry_funnel_web
Lair:4:   nicolae_swamp_entry_splash_gauntlet
Lair:5:   uniq_snorg
Lair:6:   infiniplex_staircase_pool_2
Lair:8:   minmay_lair_end_frog_pond, slime_dummy
Swamp:1:  serial_swamp_ruin, evilmike_swamp_ruin_house_4,
          evilmike_swamp_ruin_house_1
Swamp:2:  hangedman_swamp_pad, swamp_pool1
Swamp:3:  nicolae_swamp_treefoil
Spider:1: uniq_louise, uniq_donald
Spider:2: spiders_nest_scorpion_pit
Orc:1:    serial_shops, shop
Orc:2:    enter_bailey_3, uniq_urug, uniq_fannar, uniq_harold, uniq_maud
Orc:3:    serial_shops, nicolae_shop_trees, shop_coins, shop,
          nicolae_shop_waterfront, nicolae_orc_pool_cavern, trog_book
Orc:4:    st_orc_open, serial_shops, nicolae_shop_statue_plus,
          nicolae_orc_sculptors_studio
Bailey:   bailey_polearm_2, bailey
